 Dungeon Crawl Stone Soup version 0.18-a0-1197-g8004e50 (console) character file.

31085 FoCheiMinh the Thaumaturge (level 13, -2/88 HPs)
             Began as a Formicid Fire Elementalist on Jan 30, 2016.
             Was the Champion of Cheibriados.
             Slain by a seven-headed hydra (6 damage)
             ... on level 5 of the Lair of Beasts.
             The game lasted 01:55:11 (24867 turns).

FoCheiMinh the Thaumaturge (FoFE)                  Turns: 24867, Time: 01:55:13

Health: -2/88      AC:  8    Str: 29    XL:     13   Next: 93%
Magic:  15/27      EV: 21    Int: 34    God:    Cheibriados [******]
Gold:   945        SH:  5    Dex: 26    Spells: 5 memorised, 16 levels left

rFire  + + .     SeeInvis +     Q - +0 whip (freeze)
rCold  . . .     Gourm    +     z - +1 robe of Sosoq {rF++} (curse)
rNeg   . . .     Faith    .     i - +0 buckler
rPois  +         Spirit   .     (helmet unavailable)
rElec  .         Dismiss  .     e - +0 cloak
rCorr  .         Reflect  .     g - +1 pair of gloves
SustAt .         Harm     .     f - +1 pair of boots
MR     +....                    n - amulet of the gourmand
Stlth  ++++......               G - +3 ring of slaying
                                J - ring of poison resistance

@: very slow, somewhat resistant to hostile enchantments, stealthy
A: permanent stasis, dig shafts and tunnels, four strong arms, antennae 3
a: Dig, Shaft Self, Bend Time, Temporal Distortion, Slouch, Step From Time,
Renounce Religion


You were on level 5 of the Lair of Beasts.
You worshipped Cheibriados.
Cheibriados was exalted by your worship.
You were completely stuffed.

You visited 3 branches of the dungeon, and saw 17 of its levels.

You collected 945 gold pieces.

Inventory:

Hand Weapons
 a - a +2 hand axe of chopping
 q - a +0 trident of venom
 C - a +0 war axe
 N - a +2 hunting sling of flaming
 Q - a +0 whip of freezing (weapon)
Missiles
 k - 463 stones (quivered)
 E - 12 tomahawks
Armour
 d - a +2 robe of magic resistance
 e - a +0 cloak (worn)
 f - a +1 pair of boots (worn)
 g - a +1 pair of gloves (worn)
 i - a +0 buckler (worn)
 z - the cursed +1 robe of Sosoq (worn) {rF++}
   (You found it on level 3 of the Lair of Beasts)

   It greatly protects you from fire.
   It has a curse placed upon it.
Magical Staves
 b - an uncursed staff of fire
Jewellery
 l - an uncursed ring of flight
 n - an amulet of the gourmand (around neck)
 s - an uncursed ring of fire
 G - a +3 ring of slaying (right hand)
 I - an uncursed ring of fire
 J - a ring of poison resistance (left hand)
Wands
 h - a wand of draining (11/15)
 m - a wand of teleportation (1/9)
 r - a wand of draining (3/15)
 v - a wand of fireball (9/15)
 A - a wand of digging (7/24)
Scrolls
 p - a scroll of remove curse
 P - 5 scrolls of identify
 V - 2 scrolls of magic mapping
Potions
 o - a potion of resistance
 w - 5 potions of flight
 F - 2 potions of brilliance
 L - 2 potions of curing
 S - 2 potions of invisibility
Miscellaneous
 R - a fan of gales
Comestibles
 c - 9 bread rations
 j - a meat ration
 t - 4 chunks of flesh
 y - 3 slices of pizza


   Skills:
 + Level 4.0 Fighting
 * Level 8.1 Axes
 * Level 8.3 Dodging
 + Level 5.8 Stealth
 * Level 1.3 Shields
 + Level 10.4 Spellcasting
 - Level 9.2 Conjurations
 - Level 9.6 Fire Magic
 * Level 4.5 Earth Magic
 - Level 8.9 Invocations


You had 16 spell levels left.
You knew the following spells:

 Your Spells              Type           Power        Failure   Level  Hunger
a - Flame Tongue          Conj/Fire      #####        1%          1    None
b - Fireball              Conj/Fire      ######....   1%          5    ##.....
c - Stone Arrow           Conj/Erth      ######       1%          3    None
f - Conjure Flame         Conj/Fire      ######..     1%          3    None
s - Sticky Flame          Conj/Fire      ######..     1%          4    None


Dungeon Overview and Level Annotations

Branches:
Dungeon (11/15)            Temple (1/1) D:4            Lair (5/8) D:8
 Spider (0/4) Lair:4          Orc (0/2) D:9
  Swamp: Lair:3-6    Shoals: Lair:3-6

Altars:
Ashenzari
Cheibriados
Dithmenos
Elyvilon
Fedhas
Gozag
Kikubaaqudgha
Makhleb
Nemelex Xobeh
Okawaru
Pakellas
Qazlal
Ru
Sif Muna
Trog
Vehumet
Xom
Yredelemnul
Zin
The Shining One

Shops:
D:9 (


Innate Abilities, Weirdness & Mutations

You are under a permanent stasis effect.
You can dig through walls and to a lower floor.
Your four strong arms can wield two-handed weapons with a shield.
You have a pair of large antennae on your head (SInv).


Message History

The seven-headed hydra is heavily wounded.
The porcupine bites you!
* * * LOW HITPOINT WARNING * * *
The seven-headed hydra bites you but does no damage.
The seven-headed hydra closely misses you. x2
The seven-headed hydra misses you. x2; The seven-headed hydra bites you!
* * * LOW HITPOINT WARNING * * *
The seven-headed hydra closely misses you.
Okay, then.
Unknown command.
Press: ? - help, v - describe, . - travel
Here: a seven-headed hydra (heavily wounded, slow, covered in liquid flames)
The floor.
You can feel time thicken for a moment.
You kill the porcupine!
Cheibriados appreciates the change of pace.
You feel somewhat less full.
The seven-headed hydra burns!
The seven-headed hydra completely misses you.
The seven-headed hydra bites you.
You die...

... .....#.
...##P....###
#..P#P....#. #
....P...#..#.#
.............#
.............##
.......D......#
.......@....$.#
......#.#...##.
..... ... ..#
..#. #.... .#
... ....(. # ..
.......# .
......##
P......#


You could see a seven-headed hydra (burning).

Vanquished Creatures
  2 hydras
  Nergalle (Lair:1)
  The ghost of mibe the Basher, a novice FoVM of Xom (D:7)
  An unseen horror (D:11)
  4 hill giants
  Pikel (D:4)
  7 oklob plants (Lair:1)
  A manticore (D:11)
  An ugly thing (D:11)
  A griffon (Lair:3)
  Maurice (D:8)
  2 centaur zombies (D:10)
  A black mamba (Lair:4)
  A gargoyle (D:10)
  10 spiny frogs
  2 fire drakes (Lair:1)
  5 komodo dragons
  3 trolls
  2 two-headed ogres
  3 wyverns
  21 yaks
  2 hungry ghosts
  The ghost of mg7810 the Inventor, an amateur DrAr of Pakellas (D:3)
  6 hippogriffs
  2 basilisks (Lair:1)
  A warg (D:9)
  Edmund (D:4)
  8 porcupines
  7 water moccasins
  5 ice beasts
  A sky beast (D:8)
  An orc warrior (D:9)
  3 phantoms
  A black bear (D:11)
  4 wasps
  3 slaves (D:4)
  8 ogres
  12 centaurs
  5 crocodiles
  2 big kobolds
  Blork the orc (D:4)
  16 giant frogs
  A wyvern zombie (D:11)
  3 scorpions
  23 killer bees
  5 crimson imps
  9 hounds
  A quasit (D:5)
  A giant frog zombie (D:10)
  11 orc priests
  Crazy Yiuf (D:2)
  2 giant frog skeletons (D:8)
  3 jellies
  12 orc wizards
  A centaur skeleton (D:6)
  10 iguanas
  14 worker ants
  7 sheep (Lair:3)
  A hound skeleton (D:4)
  3 worker ant zombies
  Robin (D:4)
  16 adders
  33 river rats
  2 shadow imps
  An ooze (D:2)
  An adder skeleton (D:9)
  5 worms
  6 giant geckos
  50 orcs
  3 giant cockroaches
  11 goblins
  8 hobgoblins
  8 jackals
  7 quokkas
  A ball python (D:4)
  A ball python zombie (D:6)
  6 bats
  3 giant newts
  2 jackal skeletons
  15 kobolds
  A quokka skeleton (D:8)
  5 rats
  10 plants (Lair:1)
465 creatures vanquished.

Vanquished Creatures (others)
  A slave (D:4)
  4 fungi
  A plant (Lair:2)
6 creatures vanquished.

Grand Total: 471 creatures vanquished

Notes
Turn   | Place    | Note
--------------------------------------------------------------
     0 | D:1      | FoCheiMinh the Formicid Fire Elementalist began the quest for the Orb.
     0 | D:1      | Reached XP level 1. HP: 13/13 MP: 3/3
   110 | D:1      | Reached skill level 1 in Conjurations
   307 | D:1      | Reached XP level 2. HP: 10/19 MP: 1/5
  1702 | D:2      | Reached XP level 3. HP: 24/24 MP: 2/6
  1828 | D:2      | Learned a level 3 spell: Conjure Flame
  2526 | D:2      | Reached XP level 4. HP: 21/30 MP: 2/7
  2528 | D:2      | Reached skill level 4 in Fire Magic
  2769 | D:2      | Learned a level 4 spell: Sticky Flame
  2953 | D:3      | Noticed mg7810's ghost (amateur DrAr)
  3336 | D:3      | Found a shadowy altar of Dithmenos.
  3336 | D:3      | Found a bloodstained altar of Trog.
  3336 | D:3      | Found a radiant altar of Vehumet.
  3336 | D:3      | Found an iron altar of Okawaru.
  3343 | D:3      | Found an oddly glowing altar of Pakellas.
  3343 | D:3      | Found a white marble altar of Elyvilon.
  3560 | D:3      | Reached XP level 5. HP: 30/35 MP: 0/9
  3750 | D:4      | Noticed Robin
  3752 | D:4      | Noticed a slave
  4225 | D:4      | Reached XP level 6. HP: 32/41 MP: 5/11
  4367 | D:4      | Noticed Blork the orc
  4386 | D:4      | You fall through a shaft for 3 floors!
  4989 | D:5      | Entered Level 5 of the Dungeon
  5177 | D:4      | Reached XP level 7. HP: 17/47 MP: 1/13
  5411 | D:4      | Reached skill level 1 in Fighting
  5638 | D:4      | Noticed Pikel
  5668 | D:4      | You fall through a shaft!
  5907 | D:4      | Found a staircase to the Ecumenical Temple.
  5919 | Temple   | Entered the Ecumenical Temple
  5940 | Temple   | Became a worshipper of Cheibriados the Contemplative
  6065 | D:4      | Killed Blork the orc
  6082 | D:4      | Noticed Edmund
  6230 | D:4      | Reached skill level 5 in Fire Magic
  6300 | D:4      | Reached XP level 8. HP: 54/54 MP: 9/15
  6429 | D:4      | Reached skill level 1 in Axes
  6470 | D:4      | Killed Robin
  6795 | D:4      | Reached * piety under Cheibriados
  7188 | D:4      | Found a staircase to the Ecumenical Temple.
  7269 | D:4      | Killed Edmund
  7269 | D:4      | Reached skill level 5 in Spellcasting
  7892 | D:4      | Killed Pikel
  7892 | D:4      | Reached skill level 5 in Conjurations
  7892 | D:4      | Reached XP level 9. HP: 53/61 MP: 8/17
  8181 | D:5      | Learned a level 5 spell: Fireball
  8607 | D:5      | Reached skill level 1 in Invocations
  8699 | D:5      | Reached skill level 6 in Spellcasting
  9795 | D:6      | Reached ** piety under Cheibriados
 10067 | D:2      | Noticed Crazy Yiuf
 10074 | D:2      | Killed Crazy Yiuf
 10674 | D:7      | Found a glowing silver altar of Zin.
 10675 | D:7      | Found an opulent altar of Gozag.
 10961 | D:7      | Reached XP level 10. HP: 56/67 MP: 13/19
 11120 | D:3      | Reached *** piety under Cheibriados
 11170 | D:3      | Killed mg7810's ghost
 11271 | D:7      | Noticed mibe's ghost (novice FoVM)
 11287 | D:7      | Killed mibe's ghost
 11287 | D:7      | Reached skill level 7 in Fire Magic
 11493 | D:8      | Found an ancient bone altar of Kikubaaqudgha.
 11581 | D:8      | Found a sparkling altar of Nemelex Xobeh.
 11786 | D:8      | Found a sacrificial altar of Ru.
 11982 | D:8      | Found a staircase to the Lair.
 11983 | D:8      | Noticed Maurice
 12002 | D:8      | Killed Maurice
 12462 | D:9      | Reached **** piety under Cheibriados
 12482 | D:9      | Found Zyucwaal's Weapon Shoppe.
 12545 | D:9      | You fall through a shaft!
 12545 | D:10     | Entered Level 10 of the Dungeon
 13036 | D:9      | Found a staircase to the Orcish Mines.
 13040 | D:9      | Reached XP level 11. HP: 72/72 MP: 15/22
 13127 | D:9      | Reached skill level 5 in Invocations
 13136 | D:9      | Reached skill level 5 in Axes
 13143 | D:9      | Reached skill level 8 in Fire Magic
 13505 | D:9      | Reached ***** piety under Cheibriados
 14204 | D:8      | Found a glowing golden altar of the Shining One.
 14204 | D:8      | Found an ancient bone altar of Kikubaaqudgha.
 15813 | D:10     | Noticed a hill giant
 15823 | D:10     | Killed a hill giant
 15823 | D:10     | Reached skill level 5 in Dodging
 15921 | D:10     | Reached ****** piety under Cheibriados
 16256 | D:10     | Noticed a hill giant
 16270 | D:10     | Killed a hill giant
 16270 | D:10     | Reached skill level 9 in Fire Magic
 16281 | D:10     | Reached XP level 12. HP: 54/80 MP: 9/24
 16728 | D:11     | Noticed an unseen horror
 16734 | D:11     | Killed an unseen horror
 17114 | D:11     | Reached skill level 5 in Stealth
 17729 | D:11     | Found an opulent altar of Gozag.
 17773 | D:11     | Noticed a seven-headed hydra
 17776 | D:11     | Killed a seven-headed hydra
 18128 | D:8      | Learned a level 3 spell: Stone Arrow
 18130 | Lair:1   | Entered Level 1 of the Lair of Beasts
 18130 | Lair:1   | Noticed Nergalle
 18141 | Lair:1   | Killed Nergalle
 18728 | Lair:1   | Reached XP level 13. HP: 86/86 MP: 24/26
 19611 | Lair:2   | Reached skill level 1 in Earth Magic
 20931 | Lair:1   | Reached skill level 10 in Spellcasting
 22398 | Lair:3   | Noticed a five-headed hydra
 22466 | Lair:3   | Killed a five-headed hydra
 22658 | Lair:3   | Got a sheer robe
 22669 | Lair:3   | Identified the cursed +1 robe of Sosoq {rF++} (You found it on level 3 of the Lair of Beasts)
 23686 | Lair:1   | Reached skill level 1 in Shields
 23986 | Lair:4   | Found a hole to the Spider Nest.
 24858 | Lair:5   | Noticed a seven-headed hydra
 24866 | Lair:5   | HP: 4/88 [seven-headed hydra (8)]
 24867 | Lair:5   | Slain by a seven-headed hydra

Vault maps used:
D:1:      dpeg_arrival_renting, dk_noncrumbling_4
D:2:      first_bread, kennysheep_generic_room_7, uniq_crazy_yiuf_cottage
D:3:      minmay_overflow_temple_hex
D:4:      minmay_temple_entry_junction2, minmay_misc_feat_rows,
          grunt_tough_drop, uniq_pikel, uniq_edmund, uniq_robin,
          uniq_blork_the_orc
D:7:      grunt_temple_overflow_gold_and_silver
D:8:      nicolae_whirlpool, lemuel_crystal_altar,
          nicolae_overflow_hidden_temple, lair_0_dummy, basic_altar,
          uniq_maurice
D:9:      erik_orc_4, serial_shops, shop
D:11:     basic_altar
Temple:   minmay_temple_bridge_a_8
Lair:1:   minmay_lair_oklob_tunnel, lemuel_fruit_fields, uniq_nergalle
Lair:2:   bh_autumn_forest_stairs
Lair:3:   grunt_megastairs_2
Lair:4:   dummy_spider_entry, grunt_megastairs_3
Lair:5:   serial_bayou_shore_a

Action                   |  1- 3 |  4- 6 |  7- 9 | 10-12 | 13-15 || total
-------------------------+-------+-------+-------+-------+-------++-------
Melee: Whip              |     3 |       |       |       |     4 ||     7
       Mace              |    10 |       |       |       |       ||    10
       Hand axe          |       |    10 |    62 |   244 |   145 ||   461
       Staff             |       |       |       |       |     9 ||     9
 Fire: Hunting sling     |       |       |     5 |       |       ||     5
Throw: Stone             |       |     1 |     7 |     7 |     4 ||    19
 Cast: Flame Tongue      |    54 |   102 |   189 |   422 |   201 ||   968
       Sticky Flame      |       |       |    16 |    57 |    36 ||   109
       Conjure Flame     |       |       |     5 |     8 |     1 ||    14
       Fireball          |       |       |       |    12 |    21 ||    33
       Stone Arrow       |       |       |       |     3 |     1 ||     4
Invok: Bend Time         |       |       |       |     1 |     1 ||     2
       Slouch            |       |       |       |       |     3 ||     3
 Abil: Dig               |       |     1 |     2 |     3 |     8 ||    14
       Shaft Self        |       |     1 |     1 |     1 |       ||     3
Evoke: Wand              |       |       |       |     1 |       ||     1
  Use: Scroll            |       |     7 |     4 |     2 |     5 ||    18
       Potion            |       |     2 |       |       |    10 ||    12
 Stab: Sleeping          |     1 |       |     4 |     6 |     1 ||    12
       Distracted        |       |       |     1 |       |       ||     1
  Eat: Chunk             |     6 |    10 |    14 |    16 |    26 ||    72
